 Dungeon Crawl Stone Soup version 0.23-a0-844-gdc03e01 (console) character file.

185 bli the Slasher (level 5, -5/42 HPs)
             Began as a Merfolk Monk on Jan 26, 2019.
             Slain by Sigmund
             ... wielding a +0 scythe
              (8 damage)
             ... on level 3 of the Dungeon.
             The game lasted 00:09:18 (3162 turns).

bli the Slasher (Merfolk Monk)                      Turns: 3162, Time: 00:09:19

Health: -5/42      AC:  6    Str: 16    XL:     5   Next: 64%
Magic:  5/5        EV: 15    Int: 14    God:
Gold:   148        SH:  0    Dex: 19    Spells: 4/4 levels left

rFire    . . .     SeeInvis .   b - +2 dagger (chaos)
rCold    . . .     Gourm    .   (no shield)
rNeg     . . .     Faith    .   w - +0 leather armour (curse)
rPois    .         Spirit   .   (no helmet)
rElec    .         Reflect  .   A - +2 cloak
rCorr    .         Harm     .   (no gloves)
MR       .....                  (no boots)
Stlth    ++........             (no amulet)
HPRegen  0.54/turn              s - +4 ring of strength
MPRegen  0.09/turn              (no ring)

@: brilliant, flying, hasted, very quick
A: change form in water, swift swim, stealthy swim, agile 1, regeneration 1
a: no special abilities


You were on level 3 of the Dungeon.
You were not hungry.

You visited 1 branch of the dungeon, and saw 3 of its levels.

You collected 148 gold pieces.

Inventory:

Hand Weapons
 a - a +0 falchion
 b - a +2 dagger of chaos (weapon)
 k - a +0 short sword
 r - a +0 blowgun
 D - a +0 spear of chaos
 E - a +1 dagger of chaos
 F - a +1 dagger of chaos
Missiles
 g - 51 poisoned needles
 q - 59 stones (quivered)
 x - 7 tomahawks of dispersal
Armour
 f - a +0 shield
 u - +0 storm dragon scales
 w - a cursed +0 leather armour (worn)
 y - a +0 ring mail
 A - a +2 cloak (worn)
 C - a +0 robe
 H - a +2 shield
Jewellery
 s - a +4 ring of strength (left hand)
Scrolls
 d - a scroll of fog {unknown}
 e - 2 scrolls of amnesia {unknown}
 l - 3 scrolls of enchant armour {unknown}
 m - 4 scrolls of identify {unknown}
 o - 3 scrolls of teleportation {unknown}
 t - 3 scrolls of remove curse {unknown}
 z - a scroll of immolation {unknown}
 B - 2 scrolls of random uselessness {unknown}
Potions
 i - 2 potions of brilliance
 n - a potion of lignification {unknown}
 p - a potion of flight
 v - a potion of curing {unknown}
Comestibles
 c - 5 rations


   Skills:
 - Level 4.1 Fighting
 + Level 6.0 Long Blades
 * Level 4.4 Dodging
 + Level 2.3 Stealth


You had 4 spell levels left.
You didn't know any spells.
Your spell library was empty.

Dungeon Overview and Level Annotations

Branches:
Dungeon (3/15)

Altars:
Nemelex Xobeh
Xom

Annotations:
D:3 Sigmund


Innate Abilities, Weirdness & Mutations

You revert to your normal form in water You are very nimble and swift while swimming.
You are very stealthy in the water. (Stealth+)
You are agile. (Dex +2)
Your natural rate of healing is unusually fast.


Message History

The adder closely misses you. Something hits you! The adder closely misses you.
You hit the adder. You burn the adder.
The adder is heavily wounded.
You feel less confused.
A magic dart appears from out of thin air!
The magic dart hits you.
* * * LOW HITPOINT WARNING * * *
The adder barely misses you.
It was a potion of haste.
You feel yourself speed up. The adder misses you. Something hits you.
* * * LOW HITPOINT WARNING * * *
You closely miss the adder.
The adder is heavily wounded.
The adder bites you but does no damage.
It was a potion of flight.
You feel very buoyant.
You fly up into the air.
It was a potion of mutation.
You feel extremely strange.
You begin to heal more quickly.
You feel agile. The adder bites you but does no damage. Something hits you!
You die...

. .. ...# ####### ....[
#.....# ### ......##.#
#.####.## ....$.r..#
#..@....##########
......##.###{S..............#
##... #....r####.#########<#
...b ###.#####...#### #<# ###
#.# #.......#####.... #.#
##...........#### #.#
##.###.####.# #.# #.# #.#
#...# .r# #.# #.##.###.## ###
###.###.#.#####.#
.................


You could see an adder and a rat.

Vanquished Creatures
  Jessica (D:2)
  5 adders
  An ooze (D:3)
  6 worms
  2 dart slugs
  5 leopard geckos
  4 orcs (D:3)
  9 bats
  A giant cockroach (D:3)
  11 hobgoblins
  8 jackals
  5 kobolds
  2 quokkas (D:2)
  A ball python (D:2)
  5 frilled lizards
  6 goblins
  A jackal skeleton (D:3)
  9 rats
82 creatures vanquished.

Notes
Turn   | Place    | Note
-------+----------+-------------------------------------------
     0 | D:1      | bli the Merfolk Monk began the quest for the Orb.
     0 | D:1      | Reached XP level 1. HP: 18/18 MP: 1/1
   247 | D:1      | Reached XP level 2. HP: 19/24 MP: 2/2
   271 | D:1      | Reached skill level 4 in Long Blades
   838 | D:1      | Reached XP level 3. HP: 26/29 MP: 3/3
  1447 | D:2      | Reached skill level 5 in Long Blades
  1449 | D:2      | Reached XP level 4. HP: 31/37 MP: 4/4
  1659 | D:2      | Found a sparkling altar of Nemelex Xobeh.
  1659 | D:2      | Noticed Jessica
  1666 | D:2      | Killed Jessica
  2140 | D:2      | Reached XP level 5. HP: 20/42 MP: 5/5
  2637 | D:3      | Found a shimmering altar of Xom.
  3135 | D:3      | Noticed Sigmund
  3151 | D:3      | Reached skill level 6 in Long Blades
  3162 | D:3      | Gained mutation: Your natural rate of healing is unusually
                  | fast. [potion of mutation]
  3162 | D:3      | Gained mutation: You are agile. (Dex +2) [potion of
                  | mutation]
  3162 | D:3      | Slain by Sigmund

Vault maps used:
D:1:      matt_arrival_spirals, minmay_misc_feat_iff, chequers_big_river,
          minmay_octomino_j4
D:2:      cheibrodos_helix_gallery, nemelex_xobeh_ov_fountains_minmay,
          uniq_jessica
D:3:      first_ration, serial_park_tiny_pond, tgw_xom, uniq_sigmund

Skill      XL: |  1  2  3  4  5 |
---------------+----------------+-----
Long Blades    | 4 5 6 |  6.0
Fighting       | 4 |  4.1
Dodging        | |  4.4
Stealth        | |  2.3

Action                   |  1- 3 |  4- 6 || total
-------------------------+-------+-------++-------
Melee: Falchion          |   101 |   120 ||   221
       Tailslap          |       |     2 ||     2
       Dagger            |       |    19 ||    19
Throw: Stone             |     5 |    19 ||    24
  Use: Potion            |       |     4 ||     4
 Stab: Sleeping          |     5 |     4 ||     9
  Eat: Chunk             |     2 |     5 ||     7
Armor: Robe              |     9 |       ||     9
       Leather armour    |     8 |    15 ||    23
Dodge: Dodged            |   105 |   102 ||   207
       Rpst.: Falchion   |    45 |    21 ||    66

Table legend:
 A = Non-vault XP
 B = Vault XP
 C = Vault XP percentage of total XP
 D = Non-vault monster count
 E = Vault monster count
 F = Vault count percentage of total count
                 A         B        C        D         E       F
            +---------+---------+-------+---------+---------+-------
      Total |     208 |      57 |  21.5 |      72 |      10 |  12.2
            +---------+---------+-------+---------+---------+-------
        D:1 |      33 |       5 |  13.2 |      19 |       3 |  13.6
        D:2 |     120 |      40 |  25.0 |      37 |       3 |   7.5
        D:3 |      55 |      12 |  17.9 |      16 |       4 |  20.0
            +---------+---------+-------+---------+---------+-------
